 Dungeon Crawl Stone Soup version 0.18.1-48-g4cf74bf (webtiles) character file.

114 Heedrag the Conjurer (level 4, 0/24 HPs)
             Began as a Deep Elf Conjurer on Aug 27, 2016.
             Slain by an orc priest (2 damage)
             ... on level 3 of the Dungeon.
             The game lasted 00:04:04 (2159 turns).

Heedrag the Conjurer (Deep Elf Conjurer)            Turns: 2159, Time: 00:04:05

Health: 0/24       AC:  3    Str:  4 (6)  XL:     4   Next: 66%
Magic:  4/12       EV: 12    Int: 17 (20) God:
Gold:   97         SH:  0    Dex: 13 (15) Spells: 1 memorised, 10 levels left

rFire  . . .     SeeInvis .     h - +0 short sword
rCold  . . .     Gourm    .     a - +0 robe
rNeg   . . .     Faith    .     (no shield)
rPois  .         Spirit   .     (no helmet)
rElec  .         Dismiss  .     (no cloak)
rCorr  .         Reflect  .     t - +0 pair of gloves
SustAt .         Harm     .     (no boots)
MR     +....                    (no amulet)
Stlth  ++........               (no ring)
                                i - ring of protection from magic

@: somewhat resistant to hostile enchantments, unstealthy
A: no striking features
a: no special abilities


You were on level 3 of the Dungeon.
You were not hungry.

You visited 1 branch of the dungeon, and saw 3 of its levels.

You collected 97 gold pieces.

Inventory:

Hand Weapons
 h - a +0 short sword (weapon)
Armour
 a - a +0 robe (worn)
 t - a +0 pair of gloves (worn)
Jewellery
 i - a ring of protection from magic (left hand)
Scrolls
 d - 2 scrolls of identify {unknown}
 g - a scroll of amnesia {unknown}
 k - 2 scrolls of recharging {unknown}
 l - a scroll of noise {unknown}
 p - a scroll of enchant weapon {unknown}
 q - a scroll of immolation {unknown}
 u - a scroll of enchant armour {unknown}
Potions
 e - a potion of flight {unknown}
 r - a potion of curing {unknown}
Books
 b - a book of Conjurations

   Spells                             Type                      Level
   a - Magic Dart                     Conjuration                  1
   b - Searing Ray                    Conjuration                  2
   c - Dazzling Spray                 Conjuration/Hexes            3
   d - Fulminant Prism                Conjuration/Hexes            4
   e - Iskenderun's Mystic Blast      Conjuration                  4
   f - Iskenderun's Battlesphere      Conjuration/Charms           5
Comestibles
 c - 3 bread rations
 f - 4 fruits
 n - a beef jerky
 s - 3 chunks of flesh


   Skills:
 - Level 2.4 Dodging
 - Level 2.4 Stealth
 + Level 4.4 Spellcasting
 * Level 6.0 Conjurations


You had 10 spell levels left.
You knew the following spells:

 Your Spells              Type           Power        Failure   Level  Hunger
a - Magic Dart            Conj           ###.         1%          1    None


Dungeon Overview and Level Annotations

Branches:
Dungeon (3/15)

Altars:
Ashenzari
The Shining One


Message History

* * * LOW HITPOINT WARNIN'
* * * Tha orc priest closely misses ye.
Castin': Magic Dart Confirm wit' . or Enter, or press ? or * ta list all spells.
Aimin': Magic Dart
Press: ? - help, Shift-Dir - straight line, f/p - orc priest
Aim: an orc priest, wearin' a scale mail (heavily wounded) Tha magic dart hits tha orc priest.
Tha orc priest be heavily wounded.
Tha orc hits ye but does nay damage.
Tha orc priest closely misses ye.
An orc comes inta view.
It be wieldin' a club.
Castin': Magic Dart Confirm wit' . or Enter, or press ? or * ta list all spells.
Aimin': Magic Dart
Press: ? - help, Shift-Dir - straight line, f/p - orc priest
Aim: an orc priest, wearin' a scale mail (heavily wounded) Tha magic dart hits tha orc priest.
Tha orc priest be heavily wounded.
Tha orc barely misses ye.
Tha orc priest hits ye.
Ye die...

#.#.######## #.# #.#.# #.#
#.#.# #.# #.#.# #.# #.#.# #.#
####...# #.# .......# #.#
.####.## #### #.# # .# #.#
##@o## #.# ## .# #.# ###.#or#
#.####. .# #.# #....#.o#
##.##(.. .#
#.#######.##..#..# ##.......
.# #.........# ...#...
#.#.##... .#
#####################........
## #.##.# #.####.## #.##.#
#.# #.## #.#..# #.# #.#


You could see an orc priest, 2 orcs and a rat.

Vanquished Creatures
  A worker ant (D:3)
  2 adders (D:3)
  2 worms
  4 dart slugs
  A giant gecko (D:3)
  An orc (D:3)
  2 ball pythons
  5 bats
  5 giant cockroaches (D:2)
  7 goblins
  2 hobgoblins (D:1)
  5 jackals
  7 kobolds
  2 quokkas
  7 rats
53 creatures vanquished.

Notes
Turn   | Place    | Note
--------------------------------------------------------------
     0 | D:1      | Heedrag the Deep Elf Conjurer began the quest for the Orb.
     0 | D:1      | Reached XP level 1. HP: 10/10 MP: 6/6
   223 | D:1      | Reached XP level 2. HP: 15/15 MP: 6/8
   312 | D:1      | Reached skill level 5 in Conjurations
   788 | D:2      | Reached XP level 3. HP: 19/19 MP: 7/10
   980 | D:2      | Found a shattered altar of Ashenzari.
  1076 | D:2      | Found a glowing golden altar of the Shining One.
  1688 | D:3      | Reached XP level 4. HP: 24/24 MP: 4/12
  1825 | D:3      | Reached skill level 6 in Conjurations
  2159 | D:3      | Slain by an orc priest

Skill      XL: |  1  2  3  4 |
---------------+-------------+-----
Conjurations   | 5 6 |  6.0
Spellcasting   | 4 |  4.4
Dodging        | |  2.4
Stealth        | |  2.4

Action                   |  1- 3 |  4- 6 || total
-------------------------+-------+-------++-------
 Cast: Magic Dart        |    97 |    30 ||   127
  Use: Potion            |       |     5 ||     5
  Eat: Chunk             |     2 |     2 ||     4
Armor: Robe              |     1 |     2 ||     3
Dodge: Dodged            |     1 |     6 ||     7
